 Dungeon Crawl Stone Soup version 0.31.0-12-g77e489cdc1 (webtiles) character file.

Game seed: 6128345615790659733

10007 DildoBatman the Blocker (level 11, 0/8 (86) HPs)
             Began as a Formicid Conjurer on Feb 16, 2024.
             Was an Initiate of Gozag.
             Shot with an arrow by a centaur (8 damage)
             ... on level 10 of the Dungeon.
             The game lasted 00:37:18 (11400 turns).

DildoBatman the Blocker (Formicid Conjurer)        Turns: 11400, Time: 00:37:18

HP:   0/8 (86)      AC: 12    Str:  9 (10) XL:     11   Next: 85%
MP:   20/20         EV: 10    Int: 23 (28) God:    Gozag
Gold: 727           SH: 14    Dex: 22      Spells: 2/22 levels left

rFire   . . .        w - +3 dagger (pain)
rCold   . . .        T - +2 kite shield {AC+3}
rNeg    . . .        M - +1 ring mail {Will+}
rPois   .            (helmet unavailable)
rElec   .            N - +0 cloak
rCorr   .            (no gloves)
SInv    +            d - +0 pair of boots
Will    +++..        O - amulet of faith
Stlth   ++           J - +6 ring of dexterity
HPRegen 0.21/turn    l - +6 ring of intelligence
MPRegen 0.17/turn

%: faith
@: extremely drained
A: permanent stasis, dig shafts and tunnels, antennae 3, four strong arms, agile
1, strong-willed 1, robust 1
a: Dig, Shaft Self, Renounce Religion, Potion Petition, Call Merchant, Bribe
Branch


You were on level 10 of the Dungeon.
You worshipped Gozag.
Gozag was pleased with you.
You visited 2 branches of the dungeon, and saw 11 of its levels.

You collected 1091 gold pieces.
You spent 176 gold pieces at shops.
You paid 188 gold pieces to Gozag.

Inventory:

Hand Weapons
 n - a +2 dire flail
 q - a +1 dagger of venom
 w - a +3 dagger of pain (weapon)
Missiles
 c - 12 poisoned darts
 U - a boomerang
 V - a curare-tipped dart
 W - 2 datura-tipped darts
Armour
 d - a +0 pair of boots (worn)
 M - a +1 ring mail of willpower (worn)
 N - a +0 cloak (worn)
 T - a +2 kite shield of protection (worn)
Magical Staves
 e - a staff of fire
 S - a staff of conjuration
Jewellery
 f - a ring of protection from cold
 l - a +6 ring of intelligence (right hand)
 r - an amulet of regeneration
 u - a +6 ring of strength
 J - a +6 ring of dexterity (left hand)
 O - an amulet of faith (around neck)
Wands
 y - a wand of polymorph (5)
 F - a wand of mindburst (14)
 H - a wand of roots (8)
Scrolls
 a - a scroll of silence {unknown}
 h - 4 scrolls of amnesia {unknown}
 i - 3 scrolls of immolation
 j - a scroll of enchant armour {unknown}
 k - 2 scrolls of fog
 m - 2 scrolls of enchant weapon
 t - a scroll of brand weapon {unknown}
 x - a scroll of vulnerability {unknown}
 z - 2 scrolls of identify
 B - a scroll of acquirement {unknown}
 D - 2 scrolls of blinking {unknown}
 G - a scroll of torment {unknown}
 I - 2 scrolls of revelation {unknown}
 L - a scroll of poison {unknown}
 R - a scroll of fear {unknown}
Potions
 b - a potion of magic
 g - 2 potions of degeneration {unknown}
 o - 12 potions of curing
 p - 2 potions of lignification {unknown}
 s - a potion of haste {unknown}
 v - 2 potions of attraction {unknown}
 A - 3 potions of might
 C - a potion of ambrosia {unknown}
 E - a potion of heal wounds
 K - 3 potions of resistance {unknown}
 P - a potion of enlightenment {unknown}
 Q - a potion of cancellation {unknown}


   Skills:
 - Level 5.0 Fighting
 - Level 5.0 Armour
 - Level 3.0 Dodging
 - Level 4.0 Stealth
 - Level 9.0 Shields
 - Level 6.0 Spellcasting
 - Level 6.0 Conjurations
 - Level 8.6 Necromancy
 - Level 4.0 Air Magic
 * Level 6.8 Earth Magic
 - Level 6.0 Alchemy


You had 2 spell levels left.
You knew the following spells:

 Your Spells              Type           Power      Damage    Failure   Level
a - Borgnjor's Vile Clut  Necr/Erth      21%        N/A       63%         5
b - Magic Dart            Conj           100%       1d8       6%          1
c - Searing Ray           Conj           68%        2d6       10%         2
d - Vampiric Draining     Necr           46%        2d9       6%          3
e - Mephitic Cloud        Conj/Alch/Air  31%        N/A       26%         3
h - Dispel Undead         Necr           46%        3d18      21%         4
z - Sublimation of Blood  Necr           46%        N/A       3%          2

Your spell library contained the following spells:

 Spells                   Type           Power      Damage    Failure   Level
 Necrotise                Necr           100%       1d9       1%          1
 Kiss of Death            Conj/Necr      100%       2d13      3%          1
 Freeze                   Ice            24%        1d4       58%         1
 Ensorcelled Hibernation  Hex/Ice        12%        N/A       73%         2
 Scorch                   Fire           12%        2d5       73%         2
 Fugue of the Fallen      Necr           46%        N/A       6%          3
 Petrify                  Alch/Erth      36%        N/A       45%         4
 Curse of Agony           Necr           46%        N/A       50%         5
 Fulminant Prism          Conj/Alch      17%        3d10      52%         4
 Dazzling Flash           Conj/Hex       40%        N/A       54%         3
 Hailstorm                Conj/Ice       20%        3d7       54%         3
 Anguish                  Hex/Necr       13%        N/A       77%         4
 Martyr's Knell           Necr/Summ      26%        N/A       77%         4
 Irradiate                Conj/Alch      17%        3d17      86%         5
 Frozen Ramparts          Ice            12%        1d2       91%         3
 Gell's Gravitas          Tloc           6%         N/A       91%         3
 Teleport Other           Tloc           6%         N/A       91%         3
 Flame Wave               Conj/Fire      20%        2d7       91%         4
 Iskenderun's Mystic Bla  Conj/Tloc      20%        2d6       91%         4
 Cause Fear               Hex            3%         N/A       100%        4
 Silence                  Hex/Air        8%         N/A       100%        5
 Dispersal                Tloc           3%         N/A       100%        6
 Summon Cactus Giant      Summ           3%         N/A       100%        6
 Enfeeble                 Hex            3%         N/A       100%        7
 Haunt                    Necr/Summ      13%        N/A       100%        7
 Borgnjor's Revivificati  Necr           23%        N/A       100%        8
 Death's Door             Necr           23%        N/A       100%        9


Dungeon Overview and Level Annotations

Branches:
Dungeon (10/15)            Temple (1/1) D:5             Orc (0/2) D:10
   Lair: D:8-11

Altars:
Ashenzari
Cheibriados
Dithmenos
Elyvilon
Fedhas
Gozag
Hepliaklqana
Kikubaaqudgha
Makhleb
Nemelex Xobeh
Okawaru
Qazlal
Ru
Sif Muna
Trog
Uskayaw
Vehumet
Wu Jian
Xom
Yredelemnul
Zin
The Shining One

Shops:
D:2 !

Annotations:
D:9 exclusion: acid dragon


Innate Abilities, Weirdness & Mutations

You cannot be hasted, slowed, berserked, paralysed or teleported.
You can dig through walls and to a lower floor.
You have a pair of large antennae on your head. (SInv)
Your four strong arms can wield two-handed weapons with a shield.
You are agile. (Dex +4, Str/Int -1)
You are strong-willed. (Will+)
You are robust. (+10% HP)


Message History

The searing ray hits the ogre zombie!
The ogre zombie is moderately damaged. (Press . to maintain the ray.)
The searing ray hits the ogre zombie!
The ogre zombie is heavily damaged.
The searing ray hits the ogre zombie.
The ogre zombie is heavily damaged.
The searing ray hits the ogre zombie!
The ogre zombie is almost destroyed.
You finish channelling your searing ray.
You hit the ogre zombie.
You destroy the ogre zombie!
No target in view!
You now have 705 gold pieces (gained 6).
You now have 713 gold pieces (gained 8).
A gnoll skeleton comes into view.
Casting: Searing Ray (safe; 10% risk of failure)
Confirm with . or Enter, or press ? or * to list all spells.
Aiming: Searing Ray (safe; 10% risk of failure)
Press: ? - help, Shift-Dir - straight line, f - gnoll skeleton
Aim: a gnoll skeleton (wandering, hasn't noticed you, 100% to hit)
The searing ray hits the gnoll skeleton.
The gnoll skeleton is heavily damaged. (Press . to maintain the ray.)
The searing ray hits the gnoll skeleton!
You destroy the gnoll skeleton!
You now have 721 gold pieces (gained 8).
You now have 727 gold pieces (gained 6).
Kikubaaqudgha's malice focuses upon you.
Your body is wracked with pain!
Wails of torment echo through the air!
You hear a shout!
A centaur comes into view.
The centaur shouts!
The centaur wields a +0 shortbow.
The centaur shoots an arrow.
The arrow hits you!
Ouch! That really hurt!
You die...
Your body crumbles into a pile of gold.

#...# #....##.#
... # #...#
#....##.# .. #
#...# #....##.#
. # #...#
#....##.# #
##### #....##.#
# #....##.# #
#....##.######
#
#######.#....##
# #.@.....# #
###.....# #
.....# # .....#
# .....# #
.....# # .....#
# ....c# . #


You could see a centaur.

Vanquished Creatures
  2 two-headed ogres
  Maurice (D:7)
  2 kobold demonologists (D:8)
  A troll (D:9)
  Grinder (D:5)
  2 shadows (D:10)
  A wyvern (D:7)
  22 yaks
  2 wraiths
  A two-headed ogre zombie (D:10)
  Duvessa (D:4)
  2 orc warriors
  2 ice beasts
  A sky beast (D:7)
  2 black bears
  2 ogres
  3 centaurs
  A phantom (D:10)
  2 kobold brigands
  2 bullfrogs (D:6)
  A gnoll sergeant (D:9)
  2 scorpions (D:5)
  5 wights (D:10)
  Dowan (D:4)
  2 yak zombies (D:10)
  11 killer bees
  2 howler monkeys (D:7)
  2 hounds
  2 gnoll boudas (D:7)
  3 orc priests
  A sleepcap (D:4)
  4 iguanas
  5 orc wizards
  A killer bee zombie (D:9)
  7 ogre zombies (D:10)
  Robin (D:2)
  10 gnolls
  17 adders
  12 orc zombies
  2 ufetubi (D:6)
  13 orcs
  7 bats
  4 endoplasms
  6 giant cockroaches
  2 gnoll zombies (D:10)
  8 goblins
  13 hobgoblins
  3 quokkas
  11 ball pythons
  3 frilled lizards
  6 gnoll skeletons (D:10)
  10 kobolds
  2 orc skeletons (D:10)
  4 rats
236 creatures vanquished.

Notes
Turn   | Place    | Note
-------+----------+-------------------------------------------
     0 | D:1      | DildoBatman the Formicid Conjurer began the quest for the
                  | Orb.
     0 | D:1      | Reached XP level 1. HP: 13/13 MP: 3/3
   221 | D:1      | Reached XP level 2. HP: 20/20 MP: 1/5
   224 | D:1      | Learned a level 2 spell: Searing Ray
   835 | D:2      | Reached skill level 1 in Fighting
   835 | D:2      | Reached XP level 3. HP: 19/26 MP: 0/6
   979 | D:2      | Found Roop's Distillery.
  1486 | D:2      | Reached skill level 1 in Armour
  1780 | D:3      | Found a faded altar of an unknown god.
  1829 | D:3      | Reached XP level 4. HP: 30/32 MP: 3/7
  2730 | D:4      | Noticed an ogre
  2734 | D:4      | Noticed a black bear
  2738 | D:4      | Killed an ogre
  2739 | D:4      | Reached XP level 5. HP: 38/38 MP: 0/9
  2986 | D:4      | Reached XP level 6. HP: 45/45 MP: 8/10
  3052 | D:4      | Killed a black bear
  3064 | D:4      | Noticed an ice beast
  3170 | D:4      | Killed an ice beast
  3171 | D:4      | Reached XP level 7. HP: 44/51 MP: 2/12
  3440 | D:4      | Noticed Dowan
  4082 | D:5      | Entered Level 5 of the Dungeon
  4090 | D:5      | Learned a level 3 spell: Mephitic Cloud
  4141 | D:5      | Found a staircase to the Ecumenical Temple.
  4150 | Temple   | Entered the Ecumenical Temple
  4185 | Temple   | Became a worshipper of Kikubaaqudgha
  4322 | D:2      | Noticed Robin
  4336 | D:2      | Killed Robin
  4432 | D:2      | Bought a potion of curing for 33 gold pieces
  4432 | D:2      | Bought a potion of heal wounds for 55 gold pieces
  4432 | D:2      | Bought a potion of mutation for 88 gold pieces
  4537 | D:3      | Reached skill level 1 in Alchemy
  4728 | D:4      | Noticed Duvessa
  4758 | D:4      | Killed Dowan
  4759 | D:4      | Reached skill level 1 in Air Magic
  5209 | D:5      | Reached XP level 8. HP: 58/58 MP: 6/14
  5223 | D:5      | Noticed Grinder
  5324 | D:5      | Killed Grinder
  5324 | D:5      | Reached * piety under Kikubaaqudgha
  5324 | D:5      | Received a gift from Kikubaaqudgha
  5329 | D:5      | Learned a level 3 spell: Vampiric Draining
  5332 | D:5      | Learned a level 2 spell: Sublimation of Blood
  5536 | D:5      | Gained mutation: Your spells are a little easier to cast,
                  | but a little less powerful. [potion of mutation]
  5536 | D:5      | Gained mutation: You are partially covered in iridescent
                  | scales. (AC +2) [potion of mutation]
  5537 | D:5      | Lost mutation: Your spells are a little easier to cast, but
                  | a little less powerful. [potion of mutation]
  5537 | D:5      | Lost mutation: You are partially covered in iridescent
                  | scales. (AC +2) [potion of mutation]
  5537 | D:5      | Gained mutation: Your spells are a little easier to cast,
                  | but a little less powerful. [potion of mutation]
  5537 | D:5      | Gained mutation: You expend magic power (3 MP) to
                  | strengthen your wands. [potion of mutation]
  5538 | D:5      | Lost mutation: You expend magic power (3 MP) to strengthen
                  | your wands. [potion of mutation]
  5538 | D:5      | Lost mutation: Your spells are a little easier to cast, but
                  | a little less powerful. [potion of mutation]
  5538 | D:5      | Gained mutation: Your body sometimes deteriorates upon
                  | taking damage. [potion of mutation]
  5538 | D:5      | Gained mutation: Your flesh is heat resistant. (rF+)
                  | [potion of mutation]
  5539 | D:5      | Lost mutation: Your flesh is heat resistant. (rF+) [potion
                  | of mutation]
  5539 | D:5      | Lost mutation: Your body sometimes deteriorates upon taking
                  | damage. [potion of mutation]
  5539 | D:5      | Gained mutation: You are strong-willed. (Will+) [potion of
                  | mutation]
  5539 | D:5      | Gained mutation: You are robust. (+10% HP) [potion of
                  | mutation]
  5539 | D:5      | Gained mutation: You are agile. (Dex +4, Str/Int -1)
                  | [potion of mutation]
  5913 | D:4      | Killed Duvessa
  6084 | D:6      | Reached skill level 5 in Conjurations
  6286 | D:6      | Identified the +0 chain mail of Slovenliness {^Drain rF+
                  | Will++ Dex+2}
  6470 | D:6      | Reached XP level 9. HP: 67/72 MP: 13/15
  6485 | D:6      | Reached skill level 5 in Alchemy
  7092 | D:7      | Reached ** piety under Kikubaaqudgha
  7114 | D:7      | Noticed Maurice
  7168 | D:7      | Reached skill level 1 in Shields
  7179 | D:7      | Reached skill level 5 in Spellcasting
  7187 | D:7      | Killed Maurice
  7188 | D:7      | Reached skill level 5 in Fighting
  7188 | D:7      | Reached skill level 2 in Shields
  7244 | D:7      | Reached skill level 5 in Armour
  7861 | D:8      | Reached skill level 3 in Shields
  7868 | D:8      | Reached XP level 10. HP: 69/81 MP: 12/18
  7874 | D:8      | Reached skill level 1 in Necromancy
  7874 | D:8      | Found a blossoming altar of Fedhas.
  7908 | D:8      | Noticed a kobold demonologist
  7931 | D:8      | Killed a kobold demonologist
  7932 | D:8      | Noticed a kobold demonologist
  7949 | D:8      | Killed a kobold demonologist
  7950 | D:8      | Reached skill level 5 in Necromancy
  7996 | D:8      | Noticed a two-headed ogre
  8195 | D:8      | Found a radiant altar of Vehumet.
  8196 | D:8      | Found a basalt altar of Yredelemnul.
  8220 | D:8      | Found a shadowy altar of Dithmenos.
  8778 | D:8      | Killed a two-headed ogre
  8779 | D:8      | Reached XP level 11. HP: 84/86 MP: 15/20
  8883 | D:9      | Got the Incunable of Ectoplasm and Refrigeration
  9295 | D:9      | Reached skill level 4 in Shields
  9350 | D:9      | Reached *** piety under Kikubaaqudgha
  9350 | D:9      | Received a gift from Kikubaaqudgha
  9356 | D:9      | Reached skill level 5 in Shields
  9361 | D:8      | Fell from the grace of Kikubaaqudgha
  9485 | Temple   | Became a worshipper of Gozag Ym Sagoz the Greedy
  9637 | D:8      | Reached skill level 6 in Shields
  9692 | D:9      | Reached skill level 7 in Shields
 10227 | D:9      | Reached skill level 8 in Shields
 10349 | D:10     | Entered Level 10 of the Dungeon
 10394 | D:10     | Learned a level 4 spell: Dispel Undead
 10400 | D:10     | Learned a level 5 spell: Borgnjor's Vile Clutch
 10421 | D:10     | Noticed a two-headed ogre
 10442 | D:10     | Killed a two-headed ogre
 10443 | D:10     | Reached skill level 9 in Shields
 10443 | D:10     | Reached skill level 1 in Earth Magic
 10658 | D:10     | Reached skill level 5 in Earth Magic
 10828 | D:10     | Found a staircase to the Orcish Mines.
 11400 | D:10     | Shot with an arrow by a centaur

Illustrated notes

Levels and vault maps discovered:
D:1:      psy_arrival_heroes, layout_rooms, serial_bayou_ford_a,
          minmay_liquid_box
D:2:      layout_basic, serial_shops, nicolae_shop_industrial_runoff, uniq_robin
D:3:      layout_basic, hellmonk_ecumenical_altar_crossroads, roderic_lattice_a,
          serial_bayou_pond_b, minmay_snake_closets
D:4:      layout_basic, serial_forest, infiniplex_forest_zigzag_2,
          infiniplex_forest_clump_tiny, infiniplex_forest_fountain,
          infiniplex_forest_clump_diagonal, infiniplex_forest_clump_small,
          infiniplex_forest_lined_room_2, infiniplex_forest_straight_4,
          infiniplex_forest_lined_2, moated_statue, minmay_strange_pillars,
          uniq_duvessa
D:5:      layout_cave_pools, minmay_temple_entry_wispy, minmay_starry_boxes,
          uniq_grinder
D:6:      layout_basic
D:7:      layout_loops_ring, uniq_maurice
D:8:      layout_loops_ring, lemuel_coloured_pillars_altar,
          grunt_temple_overflow_open
D:9:      layout_basic
D:10:     layout_basic, zombieorc2_lemuel, serial_shops,
          nicolae_shop_dealshenge, abandoned_shop
Temple:   dpeg_five_rooms_temple

Skill      XL: |  1  2  3  4  5  6  7  8  9 10 11 |
---------------+----------------------------------+-----
Fighting       | 1 2 3 4 5 |  5.0
Dodging        | 2 3 |  3.0
Armour         | 1 2 3 4 5 |  5.0
Stealth        | 3 4 |  4.0
Conjurations   | 4 5 6 |  6.0
Spellcasting   | 3 4 5 6 |  6.0
Alchemy        | 2 4 6 |  6.0
Air Magic      | 1 2 4 |  4.0
Shields        | 3 9 |  9.0
Necromancy     | 8 |  8.6
Earth Magic    | 6 |  6.8

Action                     |  1- 3 |  4- 6 |  7- 9 | 10-12 || total
---------------------------+-------+-------+-------+-------++-------
  Melee: Unarmed           |    10 |       |       |       ||    10
         Dagger            |     3 |    32 |   182 |   265 ||   482
         Spear             |     2 |       |       |       ||     2
         Punch             |       |       |     3 |       ||     3
   Cast: Magic Dart        |    54 |    40 |    46 |     4 ||   144
         Searing Ray       |       |     4 |    12 |    23 ||    39
         Mephitic Cloud    |       |       |    23 |    27 ||    50
         Dispel Undead     |       |       |       |    11 ||    11
 Invoke: Renounce Religion |       |       |       |     1 ||     1
    Use: Potion            |       |       |     4 |       ||     4
         Scroll            |       |       |     6 |       ||     6
   Stab: Sleeping          |     4 |     2 |    13 |       ||    19
         Confused          |       |       |    24 |    31 ||    55
         Distracted        |       |       |     1 |     1 ||     2
 Armour: Robe              |    11 |    19 |    54 |       ||    84
         Ring mail         |       |       |    40 |   127 ||   167
  Dodge: Dodged            |    10 |    25 |    85 |    87 ||   207
  Block: Buckler           |       |       |     4 |    49 ||    53
         Kite shield       |       |       |       |    77 ||    77
